 Dungeon Crawl Stone Soup version 0.31-a0-344-gd109795599 (webtiles) character file.

Game seed: 14339806513165266202

96408 MacCMillion the Spry (level 15, -8/74 HPs)
             Began as a Felid Summoner on July 19, 2023.
             Was a High Priest of Kikubaaqudgha.
             Mangled by a ghost moth (17 damage)
             ... on level 3 of the Spider Nest on July 22, 2023.
             The game lasted 02:45:45 (40308 turns).

MacCMillion the Spry (Felid Summoner)              Turns: 40308, Time: 02:45:46

Health: -8/74      AC:  3    Str:  3 (4)  XL:     15   Next: 69%
Magic:  0/42       EV: 30    Int: 22 (23) God:    Kikubaaqudgha [*****.]
Gold:   1886       SH:  0    Dex: 17 (18) Spells: 8/40 levels left
                                        Lives:  0   Deaths: 3

rFire   . . .        (weapon unavailable)
rCold   + . .        (shield unavailable)
rNeg    . . .        (body armour unavailable)
rPois   +            (helmet unavailable)
rElec   .            (cloak unavailable)
rCorr   .            (gloves unavailable)
SInv    +            (boots unavailable)
Will    ++...        f - amulet of regeneration
Stlth   ++           N - ring of poison resistance
HPRegen 1.12/turn    C - ring of magical power
MPRegen 0.28/turn

%: no passive effects
@: animating dead, quick
A: very small, claws 1, fangs 3, see invisible, speed 1, shaggy fur 3, stealthy
paws, no weapons or thrown items, no armour, multi-lived
a: Renounce Religion, Unearth Wretches, Torment


You were on level 3 of the Spider Nest.
You worshipped Kikubaaqudgha.
Kikubaaqudgha was extremely pleased with you.
You visited 5 branches of the dungeon, and saw 26 of its levels.

You collected 2407 gold pieces.
You spent 521 gold pieces at shops.

Inventory:

Jewellery
 f - an amulet of regeneration (around neck)
 h - a ring of protection from fire
 C - a ring of magical power (right paw)
 J - a ring of resist corrosion
 N - a ring of poison resistance (left paw)
 O - a +6 ring of strength
Wands
 y - a wand of digging (5)
 B - a wand of paralysis (11)
 D - a wand of mindburst (11)
 F - a wand of iceblast (22)
 G - a wand of polymorph (4)
 P - a wand of flame (7)
 Q - a wand of quicksilver (3)
Scrolls
 b - 2 scrolls of blinking
 d - 4 scrolls of enchant weapon
 e - 5 scrolls of fog
 j - 3 scrolls of immolation
 k - 3 scrolls of noise
 o - 3 scrolls of enchant armour
 q - 4 scrolls of torment
 s - 3 scrolls of vulnerability
 u - 2 scrolls of revelation
 v - 5 scrolls of fear
 z - 7 scrolls of teleportation
 A - a scroll of amnesia
 I - 2 scrolls of butterflies
 L - a scroll of identify
 M - a scroll of poison
Potions
 a - a potion of magic
 c - 4 potions of brilliance
 g - 3 potions of heal wounds
 i - 4 potions of curing
 l - 2 potions of haste
 m - 3 potions of cancellation
 n - 3 potions of might
 p - 2 potions of invisibility
 r - a potion of enlightenment
 t - 6 potions of mutation
 w - 2 potions of ambrosia
 x - 2 potions of attraction
 E - 4 potions of degeneration
 H - 2 potions of berserk rage
 K - 2 potions of lignification


   Skills:
 - Level 13.3 Fighting
 - Level 17.2 Dodging
 - Level 3.0 Stealth
 - Level 13.0 Spellcasting
 - Level 7.0 Hexes
 - Level 12.2 Summonings
 - Level 14.0 Necromancy
 - Level 5.8 Translocations
 + Level 6.5 Ice Magic
 - Level 4.0 Air Magic
 - Level 8.0 Earth Magic


You had 8 spell levels left.
You knew the following spells:

 Your Spells              Type           Power      Damage    Failure   Level
a - Summon Small Mammal   Summ           100%       N/A       1%          1
c - Call Canine Familiar  Summ           62%        N/A       1%          3
e - Summon Lightning Spi  Summ/Air       50%        N/A       1%          4
f - Anguish               Hex/Necr       28%        N/A       1%          4
g - Borgnjor's Vile Clut  Necr/Erth      29%        N/A       1%          5
h - Death Channel         Necr           33%        N/A       2%          6
i - Summon Forest         Summ/Tloc      26%        N/A       3%          5
j - Animate Dead          Necr           66%        N/A       1%          4

Your spell library contained the following spells:

 Spells                   Type           Power      Damage    Failure   Level
 Necrotise                Necr           100%       1d9       0%          1
 Kiss of Death            Conj/Necr      100%       2d13      1%          1
 Sandblast                Erth           98%        2d20      1%          1
 Blink                    Tloc           78%        N/A       1%          2
 Call Imp                 Summ           100%       N/A       1%          2
 Cigotuvi's Dreadful Rot  Necr/Pois/Air  80%        N/A       1%          2
 Ensorcelled Hibernation  Hex/Ice        88%        N/A       1%          2
 Lesser Beckoning         Tloc           78%        N/A       1%          2
 Momentum Strike          Conj/Tloc      54%        3d9       1%          2
 Passwall                 Tmut/Erth      25%        N/A       1%          2
 Confusing Touch          Hex            45%        N/A       1%          3
 Gell's Gravitas          Tloc           39%        N/A       1%          3
 Summon Guardian Golem    Hex/Summ       54%        N/A       1%          3
 Teleport Other           Tloc           39%        N/A       1%          3
 Tukima's Dance           Hex            45%        N/A       1%          3
 Dispel Undead            Necr           66%        3d23      1%          4
 Leda's Liquefaction      Hex/Erth       23%        N/A       1%          4
 Agony                    Necr           66%        N/A       1%          5
 Stone Arrow              Conj/Erth      62%        3d10      2%          3
 Poisonous Vapours        Pois/Air       46%        N/A       3%          2
 Magic Dart               Conj           56%        1d5       4%          1
 Sting                    Tmut/Pois      56%        1d5       4%          1
 Lee's Rapid Deconstruct  Erth           24%        3d13*     4%          5
 Mephitic Cloud           Conj/Pois/Air  20%        N/A       8%          3
 Simulacrum               Ice/Necr       28%        N/A       10%         6
 Iskenderun's Mystic Bla  Conj/Tloc      27%        2d7       14%         4
 Summon Hydra             Summ           31%        N/A       24%         7
 Freezing Cloud           Conj/Ice/Air   14%        6-21      28%         5
 Olgreb's Toxic Radiance  Pois           14%        N/A       41%         4
 Dispersal                Tloc           19%        N/A       54%         6
 Infestation              Necr           33%        N/A       67%         8
 Eringya's Noxious Bog    Tmut/Pois      7%         4d6       100%        6
 Lehudib's Crystal Spear  Conj/Erth      15%        10d5      100%        8
 Portal Projectile        Hex/Tloc       Unusable   N/A       N/A         3
 Animate Armour           Summ/Erth      Unusable   N/A       N/A         4

Dungeon Overview and Level Annotations

Branches:
Dungeon (15/15)            Temple (1/1) D:4            Lair (5/5) D:9
 Shoals (0/4) Lair:3       Spider (3/4) Lair:2        Slime (0/5) Lair:5
    Orc (2/2) D:11            Elf (0/3) Orc:2        Vaults (0/5) D:13
 Depths (0/4) D:15

Altars:
Ashenzari
Cheibriados
Dithmenos
Elyvilon
Fedhas
Gozag
Hepliaklqana
Kikubaaqudgha
Makhleb
Nemelex Xobeh
Okawaru
Qazlal
Ru
Sif Muna
Trog
Uskayaw
Vehumet
Wu Jian
Xom
Yredelemnul
Zin
The Shining One

Shops:
D:5 :   D:7 (   D:9 (   Orc:2 =![*

Annotations:
D:9 2 transporters, exclusion: centaur, MrAu's ghost, novice TrSh
D:10 2 transporters, Turtleman12345's ghost, novice DsSh
D:14 3 runed translucent doors, Kucho's ghost, journeyman OpCK
Lair:4 exclusion: 2 oklob plants
Lair:5 1 runed translucent door


Innate Abilities, Weirdness & Mutations

You have sharp claws.
You have razor-sharp teeth.
You have supernaturally acute eyesight. (SInv)
You cover ground quickly. (Speed+)
Your thick and shaggy fur keeps you warm. (AC +3, rC+)
Your paws help you pounce on unaware monsters.
You are incapable of wielding weapons or throwing items.
You cannot wear armour.
You gain extra lives every three experience levels.


Message History

The ghost moth stings you.
You scratch the ghost moth.
The ghost moth is moderately wounded.
The ghost moth stares at you.
You feel your power leaking away. The ghost moth barely misses you.
The ghost moth completely misses you. The ghost moth stings you.
You feel dopey. The ghost moth hits you! The ghost moth completely misses you.
The ghost moth closely misses you.
You scratch the ghost moth but do no damage.
The ghost moth is lightly wounded.
The ghost moth stares at you. The ghost moth completely misses you.
The ghost moth barely misses you. The ghost moth stings you.
You scratch the ghost moth.
The ghost moth is moderately wounded.
The ghost moth misses you. The ghost moth closely misses you.
The ghost moth completely misses you.
You barely miss the ghost moth.
You bite the ghost moth, but do no damage.
The ghost moth is lightly wounded.
The ghost moth stares at you.
You feel your power leaking away.
The ghost moth hits you but does no damage.
The ghost moth completely misses you. The ghost moth closely misses you.
You scratch the ghost moth but do no damage.
The ghost moth is lightly wounded.
The ghost moth completely misses you. x3
You completely miss the ghost moth. You bite the ghost moth.
The ghost moth is lightly wounded.
The ghost moth hits you!!
* * * LOW HITPOINT WARNING * * *
The ghost moth misses you. The ghost moth stings you.
* * * LOW HITPOINT WARNING * * *
You feel weakened. The ghost moth stares at you.
The ghost moth completely misses you. The ghost moth hits you!
You die...
Kikubaaqudgha rasps: "You have failed me!
Welcome... death!"

#≈≈# #^..#.......# ≈≈#.
##.#..####.#### ≈~.#
##...#..^.##Z#Z #..#
##).....##...ZZZ ##..
#..##.#....#^.^#
##...###.Z....#...#..#.
#..##...#^.#.###.#^#^.#
#....##.#..###.#>.##...
#..#sy@.#..##<..#.#..#.
#....##..#..†.#...#....
#.#^#.##^#..>.....^.#.##
....>...$.#..###.##...Z#.
....#.....^#..^########...
################ ####


You could see a ghost moth (invisible) and a culicivora.

Vanquished Creatures
  A ghost moth (Spider:1)
  A radroach (Spider:1)
  A pharaoh ant (Spider:1)
  2 wolf spider zombies (Spider:2)
  5 wolf spiders
  A moth of wrath (Spider:2)
  A torpor snail (Spider:2)
  A centaur skeleton (D:13)
  An efreet (D:14)
  A wolf spider simulacrum (Spider:2)
  A blink frog (Lair:1)
  A tarantella (Spider:3)
  2 jumping spiders
  2 culicivoras
  3 redbacks
  An orc warrior (Orc:2)
  A centaur (D:12)
  A bullfrog (Lair:1)
  A worm (D:3)
  2 orcs
  2 bats
  A goblin (D:4)
  A ball python (D:1)
34 creatures vanquished.

Vanquished Creatures (collateral kills)
  Arachne (Spider:2)
  Jorgrun (D:13)
  An emperor scorpion (Spider:2)
  An ettin (D:15)
  Snorg (D:12)
  Josephine (D:13)
  Harold (Lair:1)
  A hydra (D:15)
  5 ogre magi
  4 radroaches
  A jorogumo (Spider:2)
  11 two-headed ogres
  3 death yaks
  A demonic crawler (Spider:1)
  A tengu warrior (D:15)
  Nergalle (Lair:2)
  An emperor scorpion zombie (Spider:2)
  5 orb spiders
  3 pharaoh ants (Spider:2)
  A lindwurm (Lair:5)
  3 wolf spider zombies (Spider:2)
  13 wolf spiders
  4 spectral wolf spiders (Spider:2)
  A deep elf pyromancer (D:13)
  An orc knight (Orc:1)
  A manticore (D:14)
  3 steelbarb worms
  An orc sorcerer (Orc:2)
  3 deep elf zephyrmancers (D:13)
  4 cyclopes
  7 ugly things
  20 elephants
  A moth of wrath (Spider:2)
  5 centaur zombies (D:11)
  3 black mambas
  14 torpor snails
  6 cane toads
  A gargoyle (D:14)
  2 centaur skeletons (D:13)
  2 yaktaurs (D:13)
  4 rime drakes
  6 komodo dragons
  An unseen horror (D:12)
  A freezing wraith (D:14)
  An efreet (D:15)
  6 polar bears
  3 wolf spider simulacra (Spider:2)
  3 tyrant leeches (Lair:5)
  3 trolls
  11 tarantellas
  17 blink frogs
  7 hornets (Lair:5)
  A dream sheep (Lair:5)
  A raiju (Lair:5)
  A meliai zombie (D:11)
  A slime creature (D:13)
  19 jumping spiders
  2 vampires
  4 shadows
  3 wraiths
  3 wyverns
  13 culicivoras
  A basilisk (D:15)
  4 fire elementals (D:14)
  28 yaks
  Grum (D:8)
  A hog (D:12)
  A steam dragon (D:8)
  31 redbacks
  8 wargs
  2 vampire mosquitoes (D:15)
  An acid dragon (D:11)
  12 water moccasins
  10 hell hounds
  13 orc warriors
  2 ice beasts
  10 black bears
  19 wolves
  7 centaurs
  27 ogres
  15 bullfrogs
  14 scorpions
  3 wights (D:8)
  7 killer bees (D:10)
  5 howler monkeys
  2 electric eels
  A lava snake (D:9)
  4 hounds
  6 jellies
  A gnoll bouda (D:4)
  12 orc priests
  4 sleepcaps
  16 orc wizards
  6 iguanas
  A boggart skeleton (D:13)
  A howler monkey zombie (D:11)
  14 gnolls
  9 adders
  A shadow imp (D:7)
  4 white imps
  An ufetubus (D:6)
  4 worms
  68 orcs
  5 endoplasms
  5 giant cockroaches
  6 goblins
  6 hobgoblins
  6 jackals
  4 kobolds
  2 quokkas
  4 ball pythons
  8 bats
  2 frilled lizards (D:3)
  9 rats
685 creatures vanquished.

Vanquished Creatures (others)
  Rupert (Lair:5)
  Kirke (D:12)
  4 emperor scorpions
  Azrael (D:14)
  A spark wasp (Spider:1)
  Arachne zombie (Spider:2)
  An entropy weaver (Spider:2)
  An ice dragon (D:15)
  5 hydras
  4 radroaches
  An ogre mage (D:13)
  Erica (D:8)
  A centaur warrior (D:14)
  5 boulder beetles
  5 two-headed ogres
  2 tengu warriors (D:15)
  3 demonic crawlers
  11 death yaks
  Sonja (Lair:4)
  A deep elf knight (D:13)
  A skeletal warrior (D:13)
  2 orb spiders (Spider:2)
  A deep troll (D:15)
  A wizard (D:15)
  11 steelbarb worms
  An orc knight (Orc:2)
  A necromancer (D:15)
  6 wolf spiders
  5 ugly things
  7 wolf spider zombies
  2 cyclopes
  A manticore (D:14)
  A moth of wrath (Spider:2)
  10 elephants
  2 black mambas
  3 torpor snails
  3 cane toads
  A gargoyle (D:12)
  A yaktaur (D:13)
  4 komodo dragons
  13 redback zombies
  4 steelbarb worm zombies
  A polar bear (shapeshifter) (D:15)
  3 trolls
  7 polar bears (Lair:5)
  7 tarantellas
  A tyrant leech (Lair:5)
  12 jumping spider zombies
  A radroach zombie (Spider:1)
  5 blink frogs
  A moth of wrath zombie (Spider:2)
  3 culicivora zombies
  5 tarantella zombies
  A raiju (Lair:5)
  3 dream sheep (Lair:5)
  3 slime creatures (D:13)
  11 jumping spiders
  8 culicivoras
  2 wyverns
  23 yaks
  A vampire (D:11)
  2 wraiths (D:13)
  A basilisk (D:8)
  2 hogs (D:12)
  12 redbacks
  3 wargs
  2 vampire mosquitoes (D:15)
  Edmund (D:6)
  5 hell hounds
  An entropy weaver zombie (Spider:2)
  2 water moccasins (Lair:2)
  3 black bears
  3 orc warriors
  6 wolves
  7 ogres
  2 centaurs (D:14)
  4 torpor snail zombies
  2 bullfrogs
  A gnoll sergeant (D:6)
  A wight (D:6)
  2 killer bees (D:10)
  An orc priest (Orc:2)
  An orc wizard (Orc:2)
  An orc (D:8)
295 creatures vanquished.

Grand Total: 1014 creatures vanquished

Notes
Turn   | Place    | Note
-------+----------+-------------------------------------------
     0 | D:1      | MacCMillion the Felid Summoner began the quest for the Orb.
     0 | D:1      | Reached XP level 1. HP: 7/7 MP: 4/4
   320 | D:1      | Reached XP level 2. HP: 11/11 MP: 3/6
   328 | D:1      | Learned a level 2 spell: Call Imp
  1095 | D:2      | Reached XP level 3. HP: 14/14 MP: 3/7
  1388 | D:2      | Found a faded altar of an unknown god.
  2122 | D:3      | Learned a level 3 spell: Call Canine Familiar
  2241 | D:3      | Reached skill level 5 in Summonings
  2241 | D:3      | Reached XP level 4. HP: 18/18 MP: 2/9
  2619 | D:3      | Found a shimmering blue altar of Sif Muna.
  2619 | D:3      | Found a sacrificial altar of Ru.
  2627 | D:3      | Found a bloodstained altar of Trog.
  2652 | D:3      | Found a snail-covered altar of Cheibriados.
  2930 | D:4      | Found a staircase to the Ecumenical Temple.
  2939 | Temple   | Entered the Ecumenical Temple
  2974 | Temple   | Became a worshipper of Kikubaaqudgha
  3040 | D:4      | Noticed an ogre
  3049 | D:4      | Reached XP level 5. HP: 17/21 MP: 2/10
  3063 | D:4      | Killed an ogre
  3068 | D:4      | Learned a level 3 spell: Summon Guardian Golem
  3150 | D:4      | Reached skill level 3 in Dodging
  3487 | D:4      | Reached skill level 1 in Hexes
  3487 | D:4      | Gained mutation: You are covered in thick fur. (AC +2)
                  | [Felid growth]
  3487 | D:4      | Reached XP level 6. HP: 25/25 MP: 2/11
  3784 | D:4      | Reached skill level 1 in Fighting
  4434 | D:5      | Entered Level 5 of the Dungeon
  4634 | D:5      | Reached skill level 4 in Dodging
  4634 | D:5      | Reached XP level 7. HP: 29/29 MP: 8/13
  4940 | D:5      | Found Bajiam's Book Emporium.
  5445 | D:5      | Found a glowing golden altar of the Shining One.
  6175 | D:6      | Reached * piety under Kikubaaqudgha
  6175 | D:6      | Received a gift from Kikubaaqudgha
  6203 | D:6      | Reached skill level 5 in Dodging
  6539 | D:6      | Reached XP level 8. HP: 34/34 MP: 7/15
  6798 | D:6      | Noticed Edmund
  6810 | D:6      | Killed Edmund
  7047 | D:6      | Noticed a troll
  7056 | D:6      | Killed a troll
  7057 | D:6      | Reached skill level 10 in Summonings
  7062 | D:6      | Reached XP level 9. HP: 37/37 MP: 2/16
  7421 | D:7      | Found a glowing silver altar of Zin.
  7509 | D:5      | Bought a book of Dreams for 176 gold pieces
  7514 | D:5      | Learned a level 4 spell: Summon Lightning Spire
  7603 | D:7      | Found Febiuj's Antique Weapon Shop.
  7667 | D:7      | Reached ** piety under Kikubaaqudgha
  7668 | D:7      | Reached skill level 1 in Air Magic
  7865 | D:7      | Reached skill level 6 in Dodging
  7885 | D:7      | Reached skill level 5 in Spellcasting
  8652 | D:8      | Reached skill level 7 in Dodging
  8673 | D:8      | Noticed Grum
  8709 | D:8      | Killed Grum
  8710 | D:8      | Reached skill level 5 in Fighting
  8961 | D:8      | Noticed Erica
  9009 | D:8      | Killed Erica
  9010 | D:8      | Reached XP level 10. HP: 44/44 MP: 9/20
  9249 | D:8      | Reached skill level 8 in Dodging
  9759 | D:9      | Reached *** piety under Kikubaaqudgha
  9759 | D:9      | Received a gift from Kikubaaqudgha
  9791 | D:8      | Learned a level 4 spell: Anguish
  9826 | D:9      | Reached skill level 1 in Necromancy
  9907 | D:9      | Noticed a two-headed ogre
  9908 | D:9      | Noticed a moth of wrath
  9910 | D:9      | Noticed MrAu's ghost (novice TrSh)
  9912 | D:9      | Found a transporter.
  9912 | D:9      | Noticed a two-headed ogre
 10042 | D:9      | Found a staircase to the Lair.
 10060 | D:9      | Noticed a deep troll
 10071 | D:9      | Found a transporter.
 10075 | D:9      | Found a bloodstained altar of Trog.
 10199 | D:9      | Reached skill level 5 in Hexes
 10237 | D:9      | Found Degiski's Weapon Shoppe.
 10418 | D:9      | Reached skill level 9 in Dodging
 10767 | D:10     | Entered Level 10 of the Dungeon
 10917 | D:10     | Found the +5 woodcutter's axe
 10972 | D:10     | Found a blossoming altar of Fedhas.
 10975 | D:10     | Found a transporter.
 10978 | D:10     | Noticed Turtleman12345's ghost (novice DsSh)
 10979 | D:10     | Noticed a yaktaur captain
 10980 | D:10     | Found a transporter.
 10980 | D:10     | Noticed a black mamba
 11004 | D:10     | Noticed a manticore
 11036 | D:10     | a black mamba changed into a hog
 11455 | D:10     | Noticed a cyclops
 11475 | D:10     | Killed a cyclops
 11476 | D:10     | Reached XP level 11. HP: 49/49 MP: 4/22
 11687 | D:10     | Reached **** piety under Kikubaaqudgha
 11820 | D:10     | Found the +11 Singing Sword {sonic wave}
 11918 | D:10     | Noticed a death drake
 11988 | D:11     | Killed from afar by an acid dragon
 11989 | D:11     | Reached XP level 10. HP: -1/46 MP: 6/21
 12010 | D:11     | Found a frozen archway.
 12067 | D:11     | Reached skill level 5 in Necromancy
 12196 | D:11     | Reached skill level 10 in Dodging
 12223 | D:11     | Found a staircase to the Orcish Mines.
 12257 | D:11     | Noticed a cyclops
 12274 | D:11     | Killed a cyclops
 12707 | D:11     | Reached XP level 11. HP: 50/50 MP: 17/23
 13706 | D:10     | Noticed a swamp dragon
 13739 | Lair:1   | Entered Level 1 of the Lair of Beasts
 14575 | Lair:1   | Noticed Harold
 14934 | Lair:1   | Reached skill level 11 in Dodging
 15220 | Lair:1   | Noticed a death yak
 15221 | Lair:1   | Noticed a death yak
 15223 | Lair:1   | Noticed a death yak
 15227 | Lair:1   | Noticed a death yak
 15232 | Lair:1   | Killed a death yak
 15235 | Lair:1   | Killed a death yak
 15439 | D:9      | Killed a death yak
 15515 | Lair:1   | Killed Harold
 15523 | Lair:1   | Killed a death yak
 16010 | Lair:1   | Gained mutation: Your thick and shaggy fur keeps you warm.
                  | (AC +3, rC+) [Felid growth]
 16010 | Lair:1   | Reached XP level 12. HP: 34/56 MP: 9/25
 16366 | Lair:2   | Reached skill level 12 in Dodging
 16639 | Lair:2   | Found a hole to the Spider Nest.
 16747 | Lair:2   | Noticed Nergalle
 16777 | Lair:2   | Killed Nergalle
 17792 | Lair:3   | Reached skill level 10 in Necromancy
 17799 | Lair:3   | Reached ***** piety under Kikubaaqudgha
 17942 | Lair:3   | Found a staircase to the Shoals.
 18230 | Lair:3   | Noticed a death yak
 18230 | Lair:3   | Noticed a death yak
 18232 | Lair:3   | Noticed a death yak
 18234 | Lair:3   | Noticed a death yak
 18238 | Lair:3   | Noticed a death yak
 18239 | Lair:3   | Noticed a death yak
 18263 | Lair:3   | Killed a death yak
 18280 | Lair:3   | Killed a death yak
 18281 | Lair:3   | Reached skill level 1 in Earth Magic
 18286 | Lair:3   | Killed a death yak
 18287 | Lair:3   | Reached XP level 13. HP: 61/61 MP: 6/27
 18293 | Lair:3   | Reached skill level 13 in Dodging
 19050 | Lair:4   | Reached skill level 10 in Fighting
 19807 | Lair:4   | Noticed Sonja
 19816 | Lair:4   | Killed Sonja
 20464 | Lair:5   | Entered Level 5 of the Lair of Beasts
 20475 | Lair:5   | Reached skill level 10 in Spellcasting
 20515 | Lair:5   | Noticed Rupert
 21297 | Lair:5   | Reached skill level 14 in Dodging
 21747 | Lair:4   | Reached XP level 14. HP: 66/66 MP: 20/29
 21819 | Lair:5   | Killed Rupert
 22696 | Lair:5   | Reached skill level 5 in Earth Magic
 22922 | Lair:5   | Found a staircase to the Slime Pits.
 23040 | Lair:5   | Found a runed translucent door.
 23130 | Lair:5   | Reached ****** piety under Kikubaaqudgha
 24331 | Lair:5   | Reached skill level 15 in Dodging
 25158 | Lair:5   | Learned a level 5 spell: Borgnjor's Vile Clutch
 25165 | Lair:5   | Learned a level 6 spell: Death Channel
 26367 | Orc:1    | Entered Level 1 of the Orcish Mines
 26469 | Orc:2    | Entered Level 2 of the Orcish Mines
 26544 | Orc:2    | Found a staircase to the Elven Halls.
 26773 | Orc:2    | Found Jedirph's Assorted Antiques.
 26773 | Orc:2    | Found Ephajo's Distillery.
 26774 | Orc:2    | Found Weol Con's Antique Armour Shop.
 26774 | Orc:2    | Found Jumuewki's Jewellery Emporium.
 26840 | Orc:2    | Reached XP level 15. HP: 60/72 MP: 3/30
 26863 | Orc:2    | Paralysed by an ogre mage for 5 turns
 27084 | Orc:2    | Bought a potion of lignification for 45 gold pieces
 28006 | Orc:1    | Reached skill level 16 in Dodging
 28197 | Orc:1    | You fall into a shaft and drop 1 floor!
 28723 | Orc:1    | Learned a level 5 spell: Summon Forest
 29080 | D:12     | Noticed Kirke
 29084 | D:12     | Reached skill level 1 in Translocations
 29098 | D:12     | Killed Kirke
 29168 | D:12     | Noticed Snorg
 29175 | D:12     | Killed Snorg
 29688 | D:13     | Noticed Josephine
 29695 | D:13     | Killed Josephine
 29898 | D:13     | Noticed Jorgrun
 30280 | D:13     | Killed Jorgrun
 31530 | D:13     | Got Zonguldrok's Anthology of Wicked Liturgies
 31542 | D:13     | Found a gate to the Vaults.
 32359 | D:14     | Found a runed translucent gate.
 32359 | D:14     | Found a runed translucent gate.
 32432 | D:14     | Noticed Azrael
 32443 | D:14     | Killed Azrael
 32950 | D:14     | Reached skill level 5 in Translocations
 33244 | D:14     | Found a runed translucent gate.
 33363 | D:14     | Noticed Kucho's ghost (journeyman OpCK)
 33401 | D:15     | Entered Level 15 of the Dungeon
 33903 | D:15     | Reached XP level 16. HP: 46/78 MP: 4/31
 34139 | D:15     | Found a staircase to the Depths.
 35079 | Spider:1 | Entered Level 1 of the Spider Nest
 35172 | Orc:2    | Bought a ring of poison resistance for 300 gold pieces
 35180 | Orc:2    | Learned a level 4 spell: Animate Dead
 35672 | Spider:1 | Mangled by a culicivora simulacrum
 35673 | Spider:1 | Reached XP level 15. HP: -6/73 MP: 22/40
 35673 | Spider:1 | Upgraded the game from 0.31-a0-329-g52107efa6a to
                  | 0.31-a0-344-gd109795599
 35851 | Spider:1 | Noticed an emperor scorpion
 36055 | Spider:1 | Killed an emperor scorpion
 36056 | Spider:1 | Reached skill level 1 in Ice Magic
 36352 | Spider:1 | Slain by a culicivora
 36353 | Spider:1 | Reached XP level 14. HP: -1/70 MP: 25/40
 36369 | Spider:1 | Identified the +8 trident of Spring {holy, rC+ rN+ Dex+3}
 36444 | Spider:1 | Noticed a ghost moth
 36449 | Spider:1 | Killed a ghost moth
 37062 | Spider:2 | Noticed an emperor scorpion
 37069 | Spider:2 | Killed an emperor scorpion
 37204 | Spider:2 | Noticed Arachne
 37505 | Spider:2 | Killed Arachne
 37615 | Spider:2 | Your ally Arachne died
 37786 | Spider:2 | Reached XP level 15. HP: 73/73 MP: 32/32
 37867 | Spider:2 | Reached skill level 17 in Dodging
 39287 | Spider:3 | Reached skill level 5 in Ice Magic
 39549 | Spider:3 | HP: 3/74 [culicivora (25)]
 40308 | Spider:3 | Mangled by a ghost moth

Illustrated notes

Levels and vault maps discovered:
D:1:      wander_arrival_desolate, layout_basic
D:2:      layout_loops_ring, chequers_ecumenical_altar_simple_redux,
          amcnicky_mini_pool_small, kennysheep_cluttered_room
D:3:      wander_river, layout_basic, nicolae_overflow_quartered_altars,
          chequers_serial_rivers_micro_d, kennysheep_orc_chapel
D:4:      layout_rooms, minmay_temple_entry_poolview, serial_forest,
          infiniplex_forest_clump_medium, infiniplex_forest_clump_tiny,
          infiniplex_forest_clump_large, infiniplex_forest_split,
          infiniplex_forest_corner_1, infiniplex_forest_end_3,
          infiniplex_forest_side_room, infiniplex_forest_clump_curved
D:5:      layout_loops_corners, nicolae_tso_swordbearing_angel, serial_shops,
          shop, minmay_door_square
D:6:      cheibrodos_barr_body, layout_basic, uniq_edmund
D:7:      layout_cave_pools, nicolae_overflow_crystal_walls, serial_shops, shop
D:8:      layout_loops_cross, minmay_misc_feat_rows, uniq_erica, uniq_grum
D:9:      layout_small_grid, erik_lair_orcish_takeover,
          gammafunk_ghost_wrathful_warriors, nicolae_inconvenience_store,
          st_stairs_13
D:10:     old_forge, layout_rooms, overflow_temple_1_default,
          gammafunk_ghost_arena
D:11:     layout_gridville, orc_0_dummy, serial_undead, serial_undead_e,
          serial_undead_e, serial_undead_a, serial_undead_f,
          portal_ice_cave_rime, minmay_orc_keep
D:12:     layout_rooms, uniq_snorg, uniq_kirke
D:13:     layout_roguey, hangedman_vaults_entry_quadrant_bands, uniq_jorgrun,
          uniq_josephine
D:14:     layout_irregular_city, nicolae_kite_square_tiling_tiny,
          gammafunk_ghost_spectres, roderic_st_hans_cross, uniq_azrael
D:15:     hangedman_depths_entry_civil_slaughter, layout_rooms,
          minmay_misc_feat_ornament, hangedman_decor_points, lemuel_old_faithful
Temple:   nicolae_temple_superstar
Lair:1:   layout_hall_layers, minivault_27, serial_bayou_shore_a, uniq_harold
Lair:2:   layout_cave_pods, nicolae_spider_entry_non_spiders,
          grunt_megastairs_5, lemuel_fruit_fields, uniq_nergalle
Lair:3:   layout_hall_layers, elwin_shoals_entry_rocks
Lair:4:   minmay_lair_oklob_tunnel, layout_regular_city, uniq_sonja
Lair:5:   wormcave, layout_regular_city, hangedman_lair_caniforms_friends,
          dpeg_slime_entry_enclosed, chequers_serial_rivers_large_a, uniq_rupert
Spider:1: layout_spider_delve
Spider:2: nicolae_spider_obnoxious_hallway, drop_trap,
          nicolae_spider_undead_wolf_pack, uniq_arachne
Spider:3: layout_spider_delve
Orc:1:    layout_diamond_mine
Orc:2:    st_orc_ogre_mass, layout_caves

Skill      XL: |  1  2  3  4  5  6  7  8  9 10 11 12 13 14 15 16 |
---------------+-------------------------------------------------+-----
Stealth        | 3 |  3.0
Spellcasting   | 3 4 6 7 8 9 10 13 11 | 13.0
Summonings     | 5 6 7 10 11 12 | 12.2
Dodging        | 3 4 5 7 10 11 12 14 15 17 | 17.2
Hexes          | 1 2 4 7 |  7.0
Fighting       | 1 2 3 5 7 8 9 10 12 13 | 13.3
Air Magic      | 3 4 |  4.0
Necromancy     | 6 8 10 11 14 13 | 14.0
Earth Magic    | 1 4 6 8 |  8.0
Translocations | 5 |  5.8
Ice Magic      | 3 6 |  6.5

Action                     |  1- 3 |  4- 6 |  7- 9 | 10-12 | 13-15 | 16-18 || total
---------------------------+-------+-------+-------+-------+-------+-------++-------
  Melee: Unarmed           |    12 |    13 |    17 |    32 |   163 |    10 ||   247
         Bite              |       |     2 |     2 |     3 |    38 |     1 ||    46
         Punch             |       |       |       |     2 |     2 |       ||     4
   Cast: Summon Small Mamm |    52 |     5 |     6 |       |     1 |     1 ||    65
         Call Imp          |    10 |    15 |    34 |    63 |       |       ||   122
         Call Canine Famil |     2 |    23 |    45 |    94 |   149 |     9 ||   322
         Summon Guardian G |       |     1 |    12 |    43 |   125 |     9 ||   190
         Anguish           |       |       |       |    24 |   138 |     9 ||   171
         Summon Lightning  |       |       |       |    42 |   156 |    12 ||   210
         Death Channel     |       |       |       |       |    33 |     2 ||    35
         Borgnjor's Vile C |       |       |       |       |    37 |     1 ||    38
         Animate Dead      |       |       |       |       |    15 |     2 ||    17
         Summon Forest     |       |       |       |       |     5 |       ||     5
 Invoke: Unearth Wretches  |       |       |       |       |    14 |     1 ||    15
  Evoke: Wand              |       |       |       |       |     4 |       ||     4
    Use: Scroll            |       |       |     8 |    11 |    10 |     1 ||    30
         Potion            |       |       |       |       |     3 |       ||     3
   Stab: Distracted        |       |       |     1 |       |     4 |       ||     5
         Paralysed         |       |       |       |       |     6 |     1 ||     7
         Sleeping          |       |       |       |       |     2 |       ||     2
 Armour: Skin              |     2 |     1 |     2 |     4 |    26 |     4 ||    39
  Dodge: Dodged            |    25 |     8 |    36 |   207 |   710 |    36 ||  1022

Table legend: (Time is in decaauts)
 A = Elapsed time spent in this place.
 B = Non-inter-level travel time spent in this place.
 C = Inter-level travel time spent in this place.
 D = Time resting spent in this place.
 E = Time spent auto-exploring this place.
 F = Levels seen in this place.
 G = Mean time per level.
                   A        B        C        D        E       F      G
               +--------+--------+--------+--------+--------+-----+--------+
         Total |  36675 |  35117 |   1558 |  11538 |  14189 |  26 | 1410.6 |
       Dungeon |  18618 |  17684 |    934 |   5314 |   7889 |  15 | 1241.2 |
        Temple |     45 |     23 |     22 |      0 |     19 |   1 |   45.0 |
          Lair |  11129 |  10857 |    272 |   3668 |   4633 |   5 | 2225.8 |
   Spider Nest |   4710 |   4530 |    180 |   2060 |    771 |   3 | 1570.0 |
  Orcish Mines |   2170 |   2023 |    147 |    494 |    876 |   2 | 1085.0 |
               +--------+--------+--------+--------+--------+-----+--------+

Top non-repeatable levels by time:
  Lair:5: 4285 daAuts
  Lair:4: 2329 daAuts
    D:13: 2054 daAuts
Spider:1: 1877 daAuts
  Lair:1: 1865 daAuts
Spider:2: 1737 daAuts
     D:9: 1703 daAuts
    D:11: 1589 daAuts
     D:6: 1578 daAuts
    D:15: 1414 daAuts
    D:14: 1382 daAuts
  Lair:3: 1347 daAuts
   Orc:2: 1307 daAuts
  Lair:2: 1301 daAuts
    D:10: 1263 daAuts
